 Dungeon Crawl Stone Soup version 0.30-a0-1164-ge08a67761e (webtiles) character file.

Game seed: 795235067934695902

4634 Orangeyouglad the Summoner (level 10, -6/80 HPs)
             Began as a Human Monk on Apr 30, 2023.
             Was a Believer of the Shining One.
             Mangled by a gnoll sergeant
             ... wielding a +0 spear
              (9 damage)
             ... on level 9 of the Dungeon.
             The game lasted 00:25:13 (11124 turns).

Orangeyouglad the Summoner (Human Monk)            Turns: 11124, Time: 00:25:13

Health: -6/80      AC:  8    Str: 14    XL:     10   Next: 70%
Magic:  6/10       EV: 18    Int: 14    God:    the Shining One [**....]
Gold:   829        SH:  0    Dex: 23    Spells: 8/9 levels left

rFire   + . .        a - +0 falchion
rCold   + . .        d - orb {light}
rNeg    + . .        Q - +0 steam dragon scales
rPois   .            e - +1 helmet of Evolution {Rampage +Inv rF+ Str+3}
rElec   .            J - +0 cloak
rCorr   .            (no gloves)
SInv    .            (no boots)
Will    .....        (no amulet)
Stlth   +            K - ring of protection from cold
HPRegen 0.33/turn    v - +6 ring of dexterity
MPRegen 0.12/turn

%: rampage
@: glowing, studying Summonings
A: no striking features
a: Renounce Religion, Evoke Invisibility, Divine Shield


You were on level 9 of the Dungeon.
You worshipped the Shining One.
The Shining One was pleased with you.
You visited 2 branches of the dungeon, and saw 10 of its levels.
You also visited: Bailey.

You collected 877 gold pieces.
You spent 48 gold pieces at shops.

Inventory:

Hand Weapons
 a - a +0 falchion (weapon)
 b - a +0 sling
 f - a +2 short sword of freezing
Missiles
 p - 18 boomerangs (quivered)
 A - 2 throwing nets
 F - 30 poisoned darts
 P - 4 atropa-tipped darts
Armour
 d - an orb of light (worn)
 e - the +1 helmet of Evolution (worn) {Rampage +Inv rF+ Str+3}
   (You acquired it on level 4 of the Dungeon)

   Str:       It affects your strength (+3).
   rF:        It protects you from fire.
   +Inv:      It lets you turn invisible.
   Rampage:   It bestows one free step when moving towards enemies.
 J - a +0 cloak (worn)
 Q - +0 steam dragon scales (worn)
Magical Staves
 r - a staff of poison
Jewellery
 k - a ring of see invisible
 s - a ring of resist corrosion
 v - a +6 ring of dexterity (right hand)
 B - a ring of fire
 K - a ring of protection from cold (left hand)
 L - the ring of Satyriasis {Fire rElec rPois Dex-5}
   (You found it on level 7 of the Dungeon)

   [ring of fire]

   It enhances your fire magic.
   Dex:       It affects your dexterity (-5).
   rF:        It protects you from fire.
   rC:        It makes you vulnerable to cold.
   rElec:     It insulates you from electricity.
   rPois:     It protects you from poison.
 O - a ring of fire
Wands
 x - a wand of digging (10)
 y - a wand of charming (7)
Scrolls
 c - 5 scrolls of immolation
 i - 3 scrolls of poison {unknown}
 j - 4 scrolls of enchant armour
 l - a scroll of torment
 m - a scroll of silence {unknown}
 n - a scroll of noise {unknown}
 q - 3 scrolls of teleportation
 u - a scroll of blinking {unknown}
 C - 3 scrolls of vulnerability
 I - a scroll of summoning {unknown}
 M - a scroll of fear {unknown}
 R - a scroll of magic mapping {unknown}
 S - 2 scrolls of enchant weapon {unknown}
Potions
 g - 2 potions of mutation
 h - 2 potions of attraction
 o - 3 potions of cancellation
 t - 2 potions of magic {unknown}
 w - 2 potions of curing
 z - a potion of might
 D - 2 potions of degeneration {unknown}
 E - a potion of brilliance {unknown}
 G - a potion of ambrosia
 H - 2 potions of heal wounds
 N - a potion of lignification {unknown}
Miscellaneous
 T - a piece from Xom's chessboard (15/15)


   Skills:
 + Level 8.2 Fighting
 + Level 8.2 Long Blades
 + Level 8.2 Dodging
 + Level 10.0 Summonings


You had 8 spell levels left.
You knew the following spells:

 Your Spells              Type           Power      Damage    Failure   Level
a - Summon Small Mammal   Summ           100%       N/A       1%          1

Your spell library contained the following spells:

 Spells                   Type           Power      Damage    Failure   Level
 Apportation              Tloc           0%         N/A       28%         1
 Necrotise                Necr           0%         1d4       28%         1
 Blink                    Tloc           0%         N/A       41%         2
 Lesser Beckoning         Tloc           0%         N/A       41%         2
 Momentum Strike          Conj/Tloc      0%         3d8       41%         2
 Poisonous Vapours        Pois/Air       0%         N/A       41%         2
 Sublimation of Blood     Necr           0%         N/A       41%         2
 Wereblood                Tmut           0%         N/A       41%         2
 Mephitic Cloud           Conj/Pois/Air  0%         N/A       65%         3
 Summon Hydra             Summ           14%        N/A       99%         7
 Freezing Cloud           Conj/Ice/Air   0%         6-21      100%        5
 Iskenderun's Battlesphe  Conj           0%         2d6       100%        5
 Iron Shot                Conj/Erth      0%         9d1       100%        6
 Spellforged Servitor     Conj/Summ      7%         N/A       100%        7


Dungeon Overview and Level Annotations

Branches:
Dungeon (9/15)             Temple (1/1) D:7          Bailey (visited)
   Lair: D:8-11         Orc: D:9-12

Altars:
Ashenzari
Cheibriados
Dithmenos
Elyvilon
Fedhas
Gozag
Hepliaklqana
Kikubaaqudgha
Makhleb
Nemelex Xobeh
Okawaru
Qazlal
Ru
Sif Muna
Trog
Uskayaw
Vehumet
Wu Jian
Xom
Yredelemnul
The Shining One

Shops:
D:2 [   D:7 [?*

Annotations:
D:3 3 runed translucent doors, themarg's ghost, amateur MfSu


Message History

The bullfrog is almost dead.
The bullfrog misses you.
Your quokka barely misses the yak.
The yak snorts and paws the ground.
The bullfrog barely misses you.
You slash the bullfrog!
You kill the bullfrog!
Your Summonings skill increases to level 10!
Aiming: Charm
Press: ? - help, Shift-Dir - straight line, f - yak
Aim: a yak (lightly wounded, ally target, haloed, chance to affect: 49%)
The yak resists with some effort.
Your quokka closely misses the yak.
The gnoll sergeant misses you. The orc wizard completely misses you.
The yak misses you.
Aiming: Charm
Press: ? - help, Shift-Dir - straight line, f/p - yak
Aim: a yak (lightly wounded, ally target, haloed, chance to affect: 49%)
The yak resists with some effort.
Your quokka bites the yak but does no damage.
The yak gores you!
* * * LOW HITPOINT WARNING * * *
The orc wizard casts a spell at you. The puff of flame hits you. You resist.
* * * LOW HITPOINT WARNING * * *
The gnoll sergeant barely misses you.
Your quokka bites the yak but does no damage.
Aiming: Dig
Press: ? - help, Shift-Dir - straight line, p - yak A rock wall.
This square is lit by a halo.
The rock shatters into small pieces.
The yak snorts and paws the ground.
The yak gores you.
* * * LOW HITPOINT WARNING * * *
The orc wizard closely misses you.
The gnoll sergeant hits you but does no damage.
Your quokka bites the yak.
The orc wizard attacks as you move away!
The orc wizard barely misses you. The yak misses you.
The gnoll sergeant hits you from afar with a +0 spear!
You die...

..................##.....# #...
...................##....# #...
#............#....#....# #...
##..#....#..##.#..#....#####...
#?.#..†.#..##.#..#............
#...#....#...#....#............
{...##....##......##............
....##.....†##....##.............
#####........###@##..............
............rY.........##'####.
#...........go.........#.......
#......................#.......
#......................#.......
#......................#.......
##########...####'###..#.......
#...#......'..#######'
............'..........


You could see a yak (ally target), a gnoll sergeant, an orc wizard and a
friendly quokka (summoned).

Vanquished Creatures
  Grinder (D:6)
  A shadow (D:9)
  A wraith (D:9)
  2 wyverns (D:8)
  A steam dragon (D:8)
  2 water moccasins
  5 orc warriors
  2 ice beasts (D:6)
  2 black bears
  2 centaurs
  3 phantoms
  6 kobold brigands
  2 bullfrogs (D:9)
  3 scorpions
  2 gnoll sergeants (D:8)
  A wight (D:8)
  3 killer bees (D:8)
  A vampire bat (D:7)
  5 howler monkeys
  A jelly (D:6)
  2 hounds
  A gnoll bouda (D:8)
  An orc priest (D:9)
  2 sleepcaps
  2 iguanas
  4 orc wizards
  9 adders
  A shadow imp (D:6)
  2 white imps
  3 ufetubi
  A dart slug (D:1)
  26 orcs
  17 bats
  11 endoplasms
  9 goblins
  5 hobgoblins
  6 jackals (D:1)
  28 kobolds
  2 quokkas
  8 ball pythons
  3 frilled lizards
  2 rats (D:2)
191 creatures vanquished.

Vanquished Creatures (collateral kills)
  A water moccasin (D:7)
  An ice beast (D:6)
  A centaur (D:8)
  A scorpion (D:6)
  A sleepcap (D:6)
  An orc wizard (D:9)
  3 gnolls (D:8)
  An orc (D:8)
  A goblin (D:9)
  2 kobolds (Bailey)
13 creatures vanquished.

Vanquished Creatures (others)
  2 wyverns (D:7)
  A yak (D:8)
  A kobold brigand (Bailey)
  A bullfrog (D:9)
  2 killer bees (D:8)
  A howler monkey (D:8)
  4 fungi (D:8)
  2 plants (D:8)
14 creatures vanquished.

Grand Total: 218 creatures vanquished

Notes
Turn   | Place    | Note
-------+----------+-------------------------------------------
     0 | D:1      | Orangeyouglad the Human Monk began the quest for the Orb.
     0 | D:1      | Reached XP level 1. HP: 18/18 MP: 1/1
    36 | D:1      | Reached XP level 2. HP: 18/24 MP: 2/2
   245 | D:1      | You fall into a shaft and drop 1 floor!
   280 | D:2      | Reached XP level 3. HP: 27/29 MP: 3/3
   339 | D:2      | Found a shimmering altar of Xom.
   581 | D:2      | Reached XP level 4. HP: 31/36 MP: 4/4
  1484 | D:2      | Found Syaserateg's Antique Armour Boutique.
  1656 | D:2      | Learned a level 1 spell: Summon Small Mammal
  1715 | D:3      | Reached XP level 5. HP: 37/42 MP: 5/5
  1928 | D:3      | Found an ornate altar of the Wu Jian Council.
  2013 | D:3      | Reached skill level 1 in Summonings
  2544 | D:3      | Found a runed translucent gate.
  2544 | D:3      | Found a runed translucent gate.
  2544 | D:3      | Found a runed translucent gate.
  2544 | D:3      | Noticed themarg's ghost (amateur MfSu)
  3242 | D:4      | Identified 2 scrolls of acquirement
  3252 | D:4      | Acquired the +1 helmet of Evolution {Rampage +Inv rF+
                  | Str+3}
  3264 | D:4      | Acquired a manual of Summonings
  3545 | D:4      | Reached XP level 6. HP: 45/48 MP: 6/6
  3814 | D:5      | Entered Level 5 of the Dungeon
  3814 | D:5      | Noticed a black bear
  3917 | D:5      | Reached skill level 2 in Summonings
  3926 | D:5      | Reached skill level 3 in Summonings
  3926 | D:5      | Reached XP level 7. HP: 43/55 MP: 7/7
  4266 | D:5      | Reached skill level 5 in Fighting
  4266 | D:5      | Reached skill level 5 in Long Blades
  4266 | D:5      | Reached skill level 5 in Dodging
  4266 | D:5      | Reached skill level 4 in Summonings
  4291 | D:5      | Reached XP level 8. HP: 8/62 MP: 5/8
  4889 | D:6      | Noticed Grinder
  4939 | D:6      | Reached skill level 5 in Summonings
  5314 | D:6      | Found a faded altar of an unknown god.
  5334 | D:6      | Found a faded altar of an unknown god.
  5334 | D:6      | Found a hazy altar of Hepliaklqana.
  5466 | D:6      | Paralysed by Grinder for 5 turns
  5483 | D:6      | Paralysed by Grinder for 3 turns
  5492 | D:6      | Killed Grinder
  5493 | D:6      | Reached skill level 6 in Summonings
  5899 | D:6      | Reached XP level 9. HP: 67/69 MP: 7/9
  6464 | D:7      | Found a staircase to the Ecumenical Temple.
  6475 | D:7      | Reached skill level 7 in Summonings
  6490 | Temple   | Entered the Ecumenical Temple
  6522 | Temple   | Became a worshipper of the Shining One
  6522 | Temple   | Reached * piety under the Shining One
  6522 | Temple   | Reached ** piety under the Shining One
  6932 | D:7      | Found Mourapn's Magic Scroll Boutique.
  6948 | D:7      | Found Laxoteg's Antique Armour Emporium.
  6951 | D:7      | Found Hautairr's General Store.
  6970 | D:7      | Identified the ring of Satyriasis {Fire rElec rPois Dex-5}
  7456 | D:7      | Bought a scroll of teleportation for 48 gold pieces
  7511 | D:7      | Found a shimmering altar of Xom.
  7514 | D:7      | Found a hide-covered altar of Uskayaw.
  7519 | D:7      | Found a shimmering blue altar of Sif Muna.
  7859 | D:8      | Found a basalt altar of Yredelemnul.
  7888 | D:8      | Found a sparkling altar of Nemelex Xobeh.
  8471 | D:8      | Reached skill level 8 in Summonings
  8958 | D:8      | Reached XP level 10. HP: 75/79 MP: 8/10
  8985 | D:8      | Identified the +9 long sword of Ointment {venom, Will-
                  | rCorr SInv}
  9008 | D:8      | The Shining One protects you from harm!
  9009 | D:8      | HP: 2/79 [centaur/arrow (5)]
  9011 | D:8      | Identified the +1 mace "Siog" {flame, rCorr}
  9486 | D:8      | Found a blossoming altar of Fedhas.
  9488 | D:8      | Found a stormy altar of Qazlal.
  9593 | D:8      | Reached skill level 9 in Summonings
 10205 | D:9      | Found a flagged portal.
 10528 | Bailey   | Entered a bailey
 11121 | D:9      | Reached skill level 10 in Summonings
 11123 | D:9      | HP: 3/80 [yak (2)]
 11124 | D:9      | Mangled by a gnoll sergeant

Illustrated notes

Levels and vault maps discovered:
D:1:      psy_arrival_radial02, layout_loops_ring, minmay_strange_pillars,
          minmay_ruptured
D:2:      layout_rooms, serial_shops, shop, basic_altar
D:3:      layout_basic, nzn_wu_jian_council_hall, ebering_ghost_rock_garden
D:4:      layout_basic
D:5:      layout_basic, nrook_loot_triangle
D:6:      layout_gridville, nicolae_hepliaklqana_ecumenical_no_more,
          hangedman_decor_points, uniq_grinder
D:7:      layout_loops_ring, grunt_temple_overflow_diamond,
          minmay_temple_entry_sparse_star, roderic_batcave,
          nicolae_wooded_promenade, minivault_4
D:8:      minmay_the_grid_square_5x5_3x3
          [minmay_the_grid_square_5x5_checkered_sparse,
          minmay_the_grid_square_5x5_two_walls_b,
          minmay_the_grid_square_5x5_spiral_small,
          minmay_the_grid_square_5x5_intrusive_squares,
          minmay_the_grid_square_5x5_megaprize_hollow,
          minmay_the_grid_square_5x5_pentomino_r,
          minmay_the_grid_square_5x5_dogpile, minmay_the_grid_square_5x5_bridge,
          minmay_the_grid_square_5x5_bite], layout_basic,
          grunt_temple_overflow_forces_of_nature,
          nemelex_xobeh_ov_fountains_minmay, overflow_temple_1_default
D:9:      minmay_four_partial_circles, layout_irregular_city, lemuel_tele_altar,
          enter_bailey_5, serial_bayou_lagoon_a
Temple:   nicolae_temple_bog_church

Skill      XL: |  1  2  3  4  5  6  7  8  9 10 |
---------------+-------------------------------+-----
Fighting       | 4 5 6 7 8 |  8.2
Long Blades    | 4 5 6 7 8 |  8.2
Dodging        | 4 5 6 7 8 |  8.2
Summonings     | 1 3 4 6 8 10 | 10.0

Action                     |  1- 3 |  4- 6 |  7- 9 | 10-12 || total
---------------------------+-------+-------+-------+-------++-------
  Melee: Falchion          |    65 |   158 |   306 |   194 ||   723
   Fire: Sling             |       |    15 |     1 |    12 ||    28
  Throw: Boomerang         |       |       |       |     3 ||     3
   Cast: Summon Small Mamm |       |       |    86 |    36 ||   122
 Invoke: Divine Shield     |       |       |     2 |     4 ||     6
  Evoke: Wand              |       |     2 |    16 |    16 ||    34
    Use: Potion            |     1 |       |     2 |     3 ||     6
         Scroll            |       |     6 |     3 |     3 ||    12
   Stab: Distracted        |       |       |     1 |       ||     1
 Armour: Robe              |    12 |     8 |       |       ||    20
         Ring mail         |       |    39 |   108 |       ||   147
         Steam dragon scal |       |       |     1 |    57 ||    58
  Dodge: Dodged            |    47 |   127 |   293 |   275 ||   742
  Block: Orb               |       |       |       |    28 ||    28

Table legend: (Time is in decaauts)
 A = Elapsed time spent in this place.
 B = Non-inter-level travel time spent in this place.
 C = Inter-level travel time spent in this place.
 D = Time resting spent in this place.
 E = Time spent auto-exploring this place.
 F = Levels seen in this place.
 G = Mean time per level.
                   A        B        C        D        E       F      G
               +--------+--------+--------+--------+--------+-----+--------+
         Total |  11167 |  10775 |    392 |   2569 |   5353 |  11 | 1015.2 |
       Dungeon |  10664 |  10290 |    374 |   2507 |   5159 |   9 | 1184.9 |
        Temple |    227 |    209 |     18 |      0 |    193 |   1 |  227.0 |
        Bailey |    275 |    275 |      0 |     62 |      0 |   1 |  275.0 |
               +--------+--------+--------+--------+--------+-----+--------+

Top non-repeatable levels by time:
     D:8: 2273 daAuts
     D:6: 1545 daAuts
     D:3: 1268 daAuts
     D:7: 1189 daAuts
     D:5: 1068 daAuts
     D:1: 1041 daAuts
     D:4: 902 daAuts
     D:9: 706 daAuts
     D:2: 669 daAuts
  Bailey: 275 daAuts
  Temple: 227 daAuts
